 Dungeon Crawl Stone Soup version 0.28-a0-563-gf77a47075d (webtiles) character file.

Game seed: 11872202791369023691

317 spiderkeys the Skirmisher (level 6, -2/79 HPs)
             Began as a Gnoll Abyssal Knight on Sept 30, 2021.
             Was a Priest of Lugonu.
             Killed by divine providence
             ... invoked by an orc priest
              (12 damage)
             ... on level 3 of the Dungeon.
             The game lasted 00:07:58 (3965 turns).

spiderkeys the Skirmisher (Gnoll Abyssal Knight)    Turns: 3965, Time: 00:07:59

Health: -2/79      AC: 23    Str: 15    XL:     6   Next: 44%
Magic:  9/9        EV:  2    Int:  9    God:    Lugonu [***...]
Gold:   169        SH:  7    Dex: 12    Spells: 9/9 levels left

rFire   + . .      SeeInvis .   a - +1 spear
rCold   . . .      Faith    .   c - +3 buckler {rF+}
rNeg    + + +      Spirit   .   (armour currently unavailable)
rPois   +          Reflect  .   (helmet currently unavailable)
rElec   .          Harm     .   (cloak currently unavailable)
rCorr   .          Rampage  .   (gloves currently unavailable)
Will    .....      NoTele   +   (boots currently unavailable)
Stlth   ++........              (no amulet)
HPRegen 0.23/turn               (no ring)
MPRegen 0.11/turn               (no ring)

@: mighty, tree-form
A: stationary, stasis, torment immunity, boosted hp, (fangs 1), strong nose,
distributed training, (hooves 1), MP-powered wands
a: Renounce Religion, Depart the Abyss, Bend Space, Banish


You were on level 3 of the Dungeon.
You worshipped Lugonu.
Lugonu was most pleased with you.
You were a tree.
You visited 1 branch of the dungeon, and saw 3 of its levels.
You visited the Abyss 1 time.

You collected 169 gold pieces.


Innate Abilities, Weirdness & Mutations

You are a tree.
Your roots penetrate the ground, keeping you stationary.
You cannot be teleported.
You are immune to unholy pain and torment.
Your maximum health is greatly increased.
Your equipment is partially melded.
((You have very sharp teeth.))
Your uncanny sense of smell can sniff out nearby items.
Your experience applies equally to all skills.
((You have large cloven feet.))
You expend magic power (3 MP) to strengthen your wands.


   Skills:
 + Level 6.8 Fighting
 + Level 2.0 Short Blades
 + Level 2.0 Long Blades
 + Level 2.0 Axes
 + Level 2.0 Maces & Flails
 + Level 5.0 Polearms
 + Level 2.0 Staves
 + Level 2.0 Slings
 + Level 2.0 Bows
 + Level 2.0 Crossbows
 + Level 2.0 Throwing
 + Level 5.0 Armour
 + Level 3.2 Dodging
 + Level 2.0 Stealth
 + Level 2.0 Shields
 + Level 2.0 Unarmed Combat
 + Level 2.0 Spellcasting
 + Level 1.5 Conjurations
 + Level 1.5 Hexes
 + Level 1.5 Summonings
 + Level 1.5 Necromancy
 + Level 1.5 Translocations
 + Level 1.5 Transmutations
 + Level 1.5 Fire Magic
 + Level 1.5 Ice Magic
 + Level 1.5 Air Magic
 + Level 1.5 Earth Magic
 + Level 1.5 Poison Magic
 + Level 5.1 Invocations
 + Level 2.0 Evocations


You had 9 spell levels left.
You didn't know any spells.
Your spell library contained the following spells:

 Spells                   Type           Power      Damage    Failure   Level
 Foxfire                  Conj/Fire      12%        2x1d4     22%         1
 Conjure Flame            Conj/Fire      3%         6-21      56%         3
 Inner Flame              Hex/Fire       3%         N/A       56%         3
 Flame Wave               Conj/Fire      3%         3d3       92%         4

Inventory:

Hand Weapons
 a - a +1 spear (weapon)
Missiles
 e - 100 stones
 f - 47 poisoned darts
 i - 61 arrows
Armour
 b - a +0 leather armour
 c - a +3 buckler of fire resistance (worn)
   (You acquired it on level 2 of the Abyss)
 d - a +0 chain mail (melded)
   (You found it on level 1 of the Abyss)
 j - a +0 helmet
   (You took it off Robin on level 2 of the Dungeon)
Scrolls
 h - a scroll of fog
 l - a scroll of identify {unknown}

Dungeon Overview and Level Annotations

Branches:
Dungeon (3/15)

Altars:
Wu Jian

∆ # # ∆ # # # .# ∆
####.#
...^.#############
...####.......§§§#
##.## #.########♣#
#...# #.# #o#
#...###.# #o#
......#.# #{#
........# #{# #.##
......### #.. ...#
#...### ### #..#
#...#.## #..#
##.#.#.#######
#..#


You could see 2 orc priests.


Message History

The orc priest hits you but does no damage.
The orc priest mumbles some strange prayers to Beogh against you.
Beogh smites you!
* * * LOW HITPOINT WARNING * * *
😨 HP[-15]
You take 15 damage, and now have 23/53 hp.
MASSIVE DAMAGE!! (PAUSE)
You closely miss the orc priest.
You bite the orc priest, but do no damage.
The orc priest hits you but does no damage.
You barely miss the orc priest.
You bite the orc priest, but do no damage.
The orc priest hits you with a +0 club.
* * * LOW HITPOINT WARNING * * *
😨 HP[-5]
You take 5 damage, and now have 18/53 hp.
You hit the orc priest but do no damage.
The orc priest closely misses you.
You closely miss the orc priest.
The orc priest calls down the wrath of Beogh upon you.
Pain shoots through your body!
* * * LOW HITPOINT WARNING * * *
😱 HP[-9]
You take 9 damage, and now have 9/53 hp.
You barely miss the orc priest.
The orc priest hits you but does no damage. 😱 HP[+1]
You hit the orc priest but do no damage.
You barely miss the orc priest.
The orc priest hits you but does no damage.
You hit the orc priest.
The orc priest hits you but does no damage.
It was a potion of might.
You feel very mighty all of a sudden. The orc priest closely misses you.
It was a potion of lignification.
You turn into a tree.
Your +0 chain mail melds into your body.
Your roots penetrate the ground.
The orc priest hits you but does no damage. 😱 HP[+6]
You now have 79 max hp (+26).
You regained 6 hp, and now have 16/79 hp.
It was a potion of ambrosia.
You are confused.
You feel invigorated. The orc priest hits you with a +0 club.
* * * LOW HITPOINT WARNING * * *
😱 HP[-1]
You take 1 damage, and now have 15/79 hp.
The orc priest hits you but does no damage. 😨 HP[+5]
You regained 5 hp, and now have 20/79 hp.
It was a potion of mutation.
You feel extremely strange.
You feel your magical essence link to the dungeon's wands.
Your feet thicken and deform.
The orc priest hits you but does no damage. 😨 HP[+5]
You regained 5 hp, and now have 25/79 hp.
The orc priest hits you but does no damage. 😨 HP[+5]
You regained 5 hp, and now have 30/79 hp.
You cannot move. (Use ctrl+direction or * direction to attack without moving.)
You cannot move. (Use ctrl+direction or * direction to attack without moving.)
You cannot move. (Use ctrl+direction or * direction to attack without moving.)
You cannot move. (Use ctrl+direction or * direction to attack without moving.)
You cannot move. (Use ctrl+direction or * direction to attack without moving.)
You are too confused!
The orc priest miscasts a cantrip.
The orc priest invokes the aid of Beogh against you.
Beogh smites you!
* * * LOW HITPOINT WARNING * * *
😱 HP[-12]
You take 12 damage, and now have 18/79 hp.
The orc priest hits you but does no damage. 😨 HP[+4]
You regained 4 hp, and now have 22/79 hp.
The orc priest hits you but does no damage. 😨 HP[+4]
You regained 4 hp, and now have 26/79 hp.
The orc priest barely misses you.
The orc priest calls upon Beogh to heal the orc priest.
The orc priest's wounds heal themselves! 😨 HP[+5]
You regained 5 hp, and now have 31/79 hp.
You feel less invigorated.
You feel less confused.
The orc priest hits you but does no damage.
The orc priest invokes the aid of Beogh against you.
Beogh smites you!
* * * LOW HITPOINT WARNING * * *
😨 HP[-11]
You take 11 damage, and now have 20/79 hp.
You aren't carrying any potions.
As you read the scroll labelled RONIREDD JALU, it crumbles to dust.
The scroll dissolves into smoke.
It was a scroll of fog.
The orc priest calls down the wrath of Beogh upon you.
Beogh smites you!
* * * LOW HITPOINT WARNING * * *
The orc priest mumbles some strange prayers to Beogh against you.
Beogh smites you!
You die...

Skill      XL: |  1  2  3  4  5 |
---------------+----------------+-----
Short Blades   | 1 2 |  2.0
Long Blades    | 1 2 |  2.0
Axes           | 1 2 |  2.0
Maces & Flails | 1 2 |  2.0
Staves         | 1 2 |  2.0
Slings         | 1 2 |  2.0
Bows           | 1 2 |  2.0
Crossbows      | 1 2 |  2.0
Throwing       | 1 2 |  2.0
Stealth        | 1 2 |  2.0
Shields        | 1 2 |  2.0
Unarmed Combat | 1 2 |  2.0
Spellcasting   | 1 2 |  2.0
Evocations     | 1 2 |  2.0
Conjurations   | 1 |  1.5
Hexes          | 1 |  1.5
Summonings     | 1 |  1.5
Necromancy     | 1 |  1.5
Translocations | 1 |  1.5
Transmutations | 1 |  1.5
Fire Magic     | 1 |  1.5
Ice Magic      | 1 |  1.5
Air Magic      | 1 |  1.5
Earth Magic    | 1 |  1.5
Poison Magic   | 1 |  1.5
Dodging        | 3 |  3.2
Polearms       | 5 |  5.0
Armour         | 5 |  5.0
Invocations    | 5 |  5.1
Fighting       | |  6.8

Action                   |  1- 3 |  4- 6 || total
-------------------------+-------+-------++-------
Melee: Spear             |   129 |   291 ||   420
       Bite              |     8 |    23 ||    31
Throw: Dart              |     8 |    12 ||    20
Invok: Depart the Abyss  |     1 |       ||     1
  Use: Scroll            |     4 |     2 ||     6
       Potion            |     2 |     4 ||     6
Armor: Chain mail        |    46 |    97 ||   143
       Skin              |       |     7 ||     7
Dodge: Dodged            |    28 |    56 ||    84
Block: Buckler           |    32 |    61 ||    93

Levels and vault maps discovered:
D:1:      dpeg_arrival_simpleton_a, layout_loops_ring,
          ebering_ecumenical_altar_sacrificial
D:2:      layout_loops_cross, basic_altar, uniq_robin
D:3:      cheibrodos_pilgrimage, layout_loops_ring

Notes
Turn   | Place    | Note
-------+----------+-------------------------------------------
     0 | Abyss:1  | spiderkeys the Gnoll Abyssal Knight began the quest for the
                  | Orb.
     0 | Abyss:1  | Reached XP level 1. HP: 23/23 MP: 3/3
     0 | Abyss:1  | magus.rc [v1.9.10]
    30 | Abyss:1  | You pick up a book of Flames and begin reading...
    30 | Abyss:1  | You add the spells Foxfire, Conjure Flame, Inner Flame and
                  | Flame Wave to your library.
    40 | Abyss:1  | Noticed a large abomination
    67 | Abyss:1  | Noticed a freezing wraith
    86 | Abyss:2  | Identified a scroll of acquirement
    86 | Abyss:2  | Acquired a +2 buckler of fire resistance
   161 | Abyss:2  | Noticed a will-o-the-wisp
   163 | Abyss:2  | Noticed a glowing orange brain
   166 | Abyss:2  | Noticed a tentacled starspawn
   166 | Abyss:2  | Noticed a small abomination
   167 | Abyss:2  | Noticed a tentacled starspawn
   167 | Abyss:2  | Noticed a ynoxinul
   180 | Abyss:2  | Noticed a thrashing horror
   180 | Abyss:2  | Noticed a smoke demon
   180 | Abyss:2  | Noticed an Executioner
   180 | Abyss:2  | Noticed a thrashing horror
   182 | Abyss:2  | HP: 5/23 [thrashing horror[a glowing orange brain] (3)]
   183 | D:1      | You pass through the gate.
   183 | D:1      | Escaped the Abyss
   555 | D:1      | Reached * piety under Lugonu
   559 | D:1      | Reached XP level 2. HP: 29/29 MP: 5/5
  1162 | D:1      | Reached XP level 3. HP: 33/35 MP: 6/6
  1192 | D:1      | Found a faded altar of an unknown god.
  1487 | D:2      | Found an ornate altar of the Wu Jian Council.
  1525 | D:2      | Reached ** piety under Lugonu
  1543 | D:2      | Reached skill level 1 in Short Blades
  1543 | D:2      | Reached skill level 1 in Long Blades
  1543 | D:2      | Reached skill level 1 in Axes
  1543 | D:2      | Reached skill level 1 in Maces & Flails
  1543 | D:2      | Reached skill level 1 in Staves
  1543 | D:2      | Reached skill level 1 in Slings
  1543 | D:2      | Reached skill level 1 in Bows
  1543 | D:2      | Reached skill level 1 in Crossbows
  1543 | D:2      | Reached skill level 1 in Throwing
  1543 | D:2      | Reached skill level 1 in Stealth
  1543 | D:2      | Reached skill level 1 in Shields
  1543 | D:2      | Reached skill level 1 in Unarmed Combat
  1543 | D:2      | Reached skill level 1 in Spellcasting
  1543 | D:2      | Reached skill level 1 in Evocations
  1555 | D:2      | HP: 5/35 [gnoll (8)]
  1558 | D:2      | HP: 1/35 [gnoll (5)]
  1561 | D:2      | Reached XP level 4. HP: 1/41 MP: 7/7
  2215 | D:2      | Reached skill level 1 in Conjurations
  2215 | D:2      | Reached skill level 1 in Hexes
  2215 | D:2      | Reached skill level 1 in Summonings
  2215 | D:2      | Reached skill level 1 in Necromancy
  2215 | D:2      | Reached skill level 1 in Translocations
  2215 | D:2      | Reached skill level 1 in Transmutations
  2215 | D:2      | Reached skill level 1 in Fire Magic
  2215 | D:2      | Reached skill level 1 in Ice Magic
  2215 | D:2      | Reached skill level 1 in Air Magic
  2215 | D:2      | Reached skill level 1 in Earth Magic
  2215 | D:2      | Reached skill level 1 in Poison Magic
  2319 | D:2      | Noticed Robin
  2363 | D:2      | Killed Robin
  2464 | D:2      | Reached XP level 5. HP: 47/47 MP: 8/8
  2902 | D:3      | Reached *** piety under Lugonu
  3001 | D:3      | Reached skill level 3 in Dodging
  3595 | D:3      | Noticed a sky beast
  3628 | D:3      | Killed a sky beast
  3629 | D:3      | Reached skill level 2 in Short Blades
  3629 | D:3      | Reached skill level 2 in Long Blades
  3629 | D:3      | Reached skill level 2 in Axes
  3629 | D:3      | Reached skill level 2 in Maces & Flails
  3629 | D:3      | Reached skill level 5 in Polearms
  3629 | D:3      | Reached skill level 2 in Staves
  3629 | D:3      | Reached skill level 2 in Slings
  3629 | D:3      | Reached skill level 2 in Bows
  3629 | D:3      | Reached skill level 2 in Crossbows
  3629 | D:3      | Reached skill level 2 in Throwing
  3629 | D:3      | Reached skill level 5 in Armour
  3629 | D:3      | Reached skill level 2 in Stealth
  3629 | D:3      | Reached skill level 2 in Shields
  3629 | D:3      | Reached skill level 2 in Unarmed Combat
  3629 | D:3      | Reached skill level 2 in Spellcasting
  3629 | D:3      | Reached skill level 5 in Invocations
  3629 | D:3      | Reached skill level 2 in Evocations
  3629 | D:3      | Reached XP level 6. HP: 34/53 MP: 9/9
  3949 | D:3      | HP: 9/53 [orc priest/nerve-wracking pain (9)]
  3956 | D:3      | HP: 15/79 [orc priest (4)]
  3958 | D:3      | Gained mutation: You expend magic power (3 MP) to
                  | strengthen your wands. [potion of mutation]
  3958 | D:3      | Gained mutation: You have large cloven feet. [potion of
                  | mutation]
  3965 | D:3      | HP: 10/79 [orc priest/divine providence (10)]
  3965 | D:3      | Killed from afar by an orc priest

Vanquished Creatures
  A sky beast (D:3)
  An iguana (D:3)
  An orc wizard (D:3)
  Robin (D:2)
  3 gnolls (D:2)
  2 adders
  2 worms
  A dart slug (D:1)
  10 orcs (D:3)
  9 ball pythons
  4 endoplasms
  A giant cockroach (D:1)
  12 goblins
  8 hobgoblins
  5 jackals
  9 kobolds
  2 quokkas (D:1)
  6 bats
  5 frilled lizards
  5 rats
88 creatures vanquished.

Vanquished Creatures (others)
  2 foxfires (Abyss:2)
  9 starspawn tentacles (Abyss:2)
11 creatures vanquished.

Grand Total: 99 creatures vanquished

Table legend:
 A = Non-vault XP
 B = Vault XP
 C = Vault XP percentage of total XP
 D = Non-vault monster count
 E = Vault monster count
 F = Vault count percentage of total count
                 A         B        C        D         E       F
            +---------+---------+-------+---------+---------+-------
      Total |     377 |      76 |  16.8 |      74 |      14 |  15.9
            +---------+---------+-------+---------+---------+-------
        D:1 |      46 |       0 |   0.0 |      26 |       0 |   0.0
        D:2 |      87 |      34 |  28.1 |      23 |      11 |  32.4
        D:3 |     244 |      42 |  14.7 |      25 |       3 |  10.7
            +---------+---------+-------+---------+---------+-------

Illustrated notes

Table legend:
 A = Kills in this place as a percentage of kills in entire the game.
 B = Kills by you in this place as a percentage of kills by you in the entire game.
 C = Kills by friends in this place as a percentage of kills by friends in the entire game.
 D = Other kills in this place as a percentage of other kills in the entire game.
 E = Experience gained in this place as a percentage of experience gained in the entire game.
 F = Experience gained in this place divided by the number of levels of this place that you have seen.
                   A       B       C       D       E      F
               +-------+-------+-------+-------+-------+----------------------
         Total | 100.0 | 100.0 |   N/A |   N/A | 100.0 |  90.6
       Dungeon | 100.0 | 100.0 |   N/A |   N/A | 100.0 | 151.0
               +-------+-------+-------+-------+-------+----------------------

Table legend: (Time is in decaauts)
 A = Elapsed time spent in this place.
 B = Non-inter-level travel time spent in this place.
 C = Inter-level travel time spent in this place.
 D = Time resting spent in this place.
 E = Time spent auto-exploring this place.
 F = Levels seen in this place.
 G = Mean time per level.
                   A        B        C        D        E       F      G
               +--------+--------+--------+--------+--------+-----+--------+
         Total |   3934 |   3901 |     33 |    302 |   2818 |   5 |  786.8 |
       Dungeon |   3751 |   3718 |     33 |    302 |   2736 |   3 | 1250.3 |
         Abyss |    182 |    182 |      0 |      0 |     82 |   2 |   91.0 |
               +--------+--------+--------+--------+--------+-----+--------+

Top non-repeatable levels by time:
     D:2: 1275 daAuts
     D:1: 1241 daAuts
     D:3: 1235 daAuts
 Abyss:2: 112 daAuts
 Abyss:1: 70 daAuts
